AoeStats
← PILLORA

Lombardia

510255969Analyzed
4v4 RM · 1d ago on Sep 30, 2026· 49m 20s· 8 players
Game mode
Random Map
Map size
Large (8 player)
Population
200
Speed
Normal
Resources
Standard
Victory
Conquest
Starting age
Dark Age
Ending age
Imperial Age
RankedLock teamsTeams togetherTeam positionsShared explorationLock speedFull tech treeHidden civsTurbo modeCheats
Victory
Defeat
🇨🇳 Persians · China
1037
+9
🇨🇳 Huns · China
1008
+10
🇲🇽 Portuguese · Mexico
786
+19
🇲🇽 Romans · Mexico
719
+21
🇲🇽 Varangians · Mexico
913
-37
🇲🇽 Persians · Mexico
892
-16
🇲🇽 Huns · Mexico
873
-23
🇲🇽 Maya · Mexico
769
-11
reyangel141
10:36 Feudal Age
15:38 Castle Age
14:12 Loom
15:03 Wheelbarrow
16:01 Double-Bit Axe
22:16 Horse Collar
23:43 Bow Saw
23:51 Heavy Plow
24:59 Fletching
25:29 Hand Cart
26:22 Parthian Tactics
27:21 Ballistics
27:32 Scale Barding Armor
28:05 Bodkin Arrow
32:36 Imperial Age
31:13 Town Watch
31:20 Gold Mining
32:02 Padded Archer Armor
32:16 Heavy Cavalry Archer
33:35 Leather Archer Armor
33:41 Chain Barding Armor
34:05 Guilds
33:56 Caravan
35:22 Gold Shaft Mining
34:40 Stone Mining
35:00 Town Patrol
35:43 Ring Archer Armor
37:02 Chemistry
37:42 Two-Man Saw
37:36 Stone Shaft Mining
38:49 Conscription
37:54 Elite War Elephant
39:09 Hoardings
40:53 Pikeman
41:33 Squires
41:18 Gambesons
42:35 Halberdier
Harkcost
10:48 Feudal Age
9:03 Loom
15:30 Castle Age
14:26 Double-Bit Axe
20:30 Fletching
28:58 Horse Collar
29:29 Bow Saw
30:45 Padded Archer Armor
36:38 Wheelbarrow
36:44 Squires
37:31 Eagle Warrior
38:59 Forging
40:38 Iron Casting
40:03 Scale Mail Armor
42:24 Chain Mail Armor
Yuli
5:13 Loom
11:42 Feudal Age
17:39 Castle Age
22:48 Double-Bit Axe
29:20 Fletching
35:05 Forging
34:55 Scale Mail Armor
46:13 Imperial Age
Jake
10:30 Feudal Age
11:55 Double-Bit Axe
11:53 Horse Collar
23:51 Castle Age
22:20 Gold Mining
22:22 Stone Mining
25:51 Arson
25:27 Man-at-Arms
30:20 Pikeman
31:00 Squires
30:21 Long Swordsman
38:42 Bow Saw
38:34 Heavy Plow
39:19 Gold Shaft Mining
45:07 Loom
45:59 Wheelbarrow
45:54 Town Watch
PILLORA
10:43 Feudal Age
8:58 Loom
13:02 Double-Bit Axe
17:18 Man-at-Arms
24:11 Castle Age
23:13 Horse Collar
27:18 Bow Saw
27:17 Long Swordsman
29:21 Heavy Plow
30:52 Stone Mining
30:56 Gold Mining
31:49 Crossbowman
32:35 Padded Archer Armor
37:43 Imperial Age
36:49 Wheelbarrow
36:00 Town Watch
39:29 Hand Cart
41:12 Town Patrol
43:14 Heavy Scorpion
47:44 Elite Skirmisher
49:09 Leather Archer Armor
48:45 Fletching
Sorrowft
2:42 Loom
10:42 Feudal Age
11:18 Double-Bit Axe
11:20 Horse Collar
14:51 Forging
16:17 Town Watch
18:05 Wheelbarrow
22:34 Castle Age
21:30 Stone Mining
21:32 Gold Mining
24:09 Heavy Plow
24:20 Bow Saw
26:08 Hand Cart
25:54 Town Patrol
31:45 Imperial Age
31:30 Stone Shaft Mining
32:50 Ballistics
32:46 Caravan
33:55 Two-Man Saw
33:35 Crop Rotation
33:49 Conscription
34:11 Circumnavigation
35:01 Arquebus
36:49 Chemistry
36:45 Elite Organ Gun
38:04 Guilds
39:50 Scale Mail Armor
40:26 Iron Casting
41:38 Pikeman
44:34 Blast Furnace
43:50 Chain Mail Armor
43:20 Halberdier
48:14 Plate Mail Armor
48:06 Bombard Tower
47:27 Treadmill Crane
47:58 Masonry
vper1490
10:17 Feudal Age
8:35 Loom
10:47 Double-Bit Axe
11:53 Horse Collar
16:58 Wheelbarrow
21:41 Castle Age
20:28 Bloodlines
20:56 Scale Barding Armor
21:02 Forging
22:14 Husbandry
22:37 Gold Mining
23:23 Bow Saw
28:25 Chain Barding Armor
29:56 Iron Casting
31:53 Heavy Plow
37:38 Imperial Age
38:52 Plate Barding Armor
40:38 Blast Furnace
38:59 Cavalier
48:54 Savar
고장난 선풍기
0:32 Loom
12:54 Feudal Age
16:10 Double-Bit Axe
16:17 Stone Mining
16:18 Gold Mining
17:11 Wheelbarrow
19:59 Castle Age
35:44 Imperial Age
33:16 Padded Archer Armor
33:38 Bloodlines
33:52 Marauders
33:58 Scale Barding Armor
33:55 Scale Mail Armor
34:32 Forging
34:31 Husbandry
35:10 Bow Saw
35:26 Chain Barding Armor
36:57 Conscription
36:42 Elite Tarkan
38:15 Plate Barding Armor
37:34 Town Watch
39:34 Iron Casting
40:34 Masonry
41:32 Blast Furnace
41:05 Fletching
41:31 Chain Mail Armor
40:44 Light Cavalry
41:13 Cavalier
43:08 Two-Man Saw
41:51 Horse Collar
42:47 Bodkin Arrow
43:07 Leather Archer Armor
42:57 Heavy Plow
46:48 Gold Shaft Mining
46:49 Parthian Tactics
47:02 Bracer
47:17 Leather Archer Armor
46:38 Heavy Cavalry Archer
48:40 Chemistry
47:09 Elite Skirmisher
48:48 Ballistics
49:17 Hand Cart
49:02 Town Patrol
49:02 Murder Holes
Connection lost

Rejoining the realm…

Still unreachable

The connection could not be restored.

Session expired

The server has moved on; the page needs a fresh start.